 Dungeon Crawl Stone Soup version 0.17-a0-1713-gdf939a4 (webtiles) character file.

2122 Geomchi the Grappler (level 9, -5/88 HPs)
             Began as a Troll Monk on Aug 23, 2015.
             Slain by an orc warrior
             ... wielding a +0 trident
              (21 damage)
             ... on level 6 of the Dungeon.
             The game lasted 00:10:07 (7297 turns).

Geomchi the Grappler (Troll Monk)                   Turns: 7297, Time: 00:10:07

Health: -5/88      AC:  7    Str: 22    XL:     9   Next: 8%
Magic:  8/8        EV: 12    Int:  6    God:
Gold:   377        SH:  0    Dex: 14    Spells: 0 memorised, 8 levels left

rFire  . . .     SeeInvis .       - Unarmed
rCold  . . .     Clarity  +     a - +0 robe
rNeg   . . .     SustAt   +     (no shield)
rPois  .         Gourm    +     r - +2 hat
rElec  .         Spirit   .     (no cloak)
rCorr  .         Warding  .     (gloves unavailable)
rMut   .         Stasis   .     (boots unavailable)
MR     .....                    w - amulet of clarity
Stlth  +.........               (no ring)
                                l - ring of sustain attributes

@: heavily drained, not resistant to hostile enchantments, very unstealthy
A: unfitting armour, claws 3, fast metabolism 3, gourmand, regeneration 2,
shaggy fur 1, tough skin 2
a: no special abilities


You were on level 6 of the Dungeon.
You were not hungry.

You visited 2 branches of the dungeon, and saw 8 of its levels.

You collected 377 gold pieces.

Inventory:

Armour
 a - a +0 robe (worn)
 r - a +2 hat (worn)
Jewellery
 g - an uncursed amulet of faith
 l - a ring of sustain attributes (left claw)
 w - an amulet of clarity (around neck)
 z - an uncursed amulet of rage {unknown}
Magical devices
 C - a wand of cold (7)
 D - a wand of flame (39)
 F - a wand of confusion (22)
Scrolls
 h - a scroll of fog {unknown}
 i - 5 scrolls of remove curse
 k - 2 scrolls of immolation {unknown}
 m - 4 scrolls of identify
 o - a scroll of noise {unknown}
 s - a scroll of blinking {unknown}
 t - 2 scrolls of enchant armour {unknown}
 v - a scroll of recharging {unknown}
 x - a scroll of enchant weapon {unknown}
 y - 2 scrolls of magic mapping {unknown}
 A - 3 scrolls of amnesia {unknown}
Potions
 f - a potion of berserk rage {unknown}
 j - a potion of brilliance {unknown}
 n - a potion of cancellation
 q - a potion of resistance {unknown}
 B - a potion of flight {unknown}
 E - 2 potions of poison {unknown}
Comestibles
 b - 6 bread rations {@e1}
 c - a beef jerky
 p - 2 meat rations {@e2}


   Skills:
 + Level 5.5(4.2) Fighting
 - Level 6.8(5.4) Dodging
 - Level 1.1(0.0) Stealth
 + Level 8.1(6.7) Unarmed Combat


You had 8 spell levels left.
You didn't know any spells.

Dungeon Overview and Level Annotations

Branches:
Dungeon (7/15)             Temple (1/1) D:4

Altars:
Ashenzari
Cheibriados
Dithmenos
Elyvilon
Gozag
Kikubaaqudgha
Qazlal
Ru
Sif Muna
Trog
Yredelemnul

Shops:
D:6 (


Innate Abilities, Weirdness & Mutations

You are too large for most types of armour.
You have claws for hands.
Your metabolism is lightning-fast.
You like to eat raw meat.
You heal very quickly.
You are covered in fur (AC +1).
You have very tough skin (AC +2).


Message History

You are too injured to fight recklessly!
You are too injured to fight recklessly!
You are too injured to fight recklessly!
You are too injured to fight recklessly!
Drink which item? (? for menu, Esc to quit)
Okay, then.
Aim: an orc warrior, wielding a trident and wearing a plate armour (severely wounded, chance to defeat MR: 46%)
The orc warrior resists with some effort.
Evoking this partially-identified wand wasted a few charges.
The orc wizard hits you but does no damage.
The orc warrior barely misses you.
You are too injured to fight recklessly!
You are too injured to fight recklessly!
You scratch the orc warrior.
The orc wizard hits you but does no damage.
The orc warrior completely misses you. The orc wizard barely misses you.
You scratch the orc warrior but do no damage.
The orc wizard hits you but does no damage.
The orc warrior hits you with a trident!!
You die...

.......## ##.### #.###..........
.####### ##..###.#####........ ##
##..#...######...... #
##..#....######....
#########..######<..######
#....##...## ###..# ##.
##.........# #..###.. ##
#...##....o# #...#...
.######........o@### ##..##...
.....####..##......######..####..
.......#########......#...## ###
....>..## #..........## ........#
##...........## ........#
#........###..## .......###
###.......## ##..##
....(....####.........# ##..###
......................## ##....


You could see an orc warrior and an orc wizard.

Vanquished Creatures
  The ghost of elenap21 the Ducker, an experienced HaSk (D:6)
  The ghost of Bikaver the Ducker, an average OpIE (D:5)
  2 ice beasts
  A phantom (D:5)
  3 ogres (D:4)
  A centaur (D:7)
  2 giant frogs (D:6)
  A scorpion (D:4)
  2 jellies (D:7)
  A crimson imp (D:5)
  A giant frog skeleton (D:6)
  A centaur skeleton (D:6)
  2 orc priests
  3 orc wizards
  4 worker ants
  2 hounds (D:5)
  2 iguanas (D:5)
  A killer bee zombie (D:6)
  7 adders
  4 gnolls
  3 shadow imps (D:5)
  An ooze (D:2)
  2 adder skeletons
  2 worms
  A giant gecko (D:6)
  22 orcs
  A ball python (D:5)
  12 bats
  8 goblins
  4 hobgoblins
  8 jackals
  A quokka (D:4)
  6 giant cockroaches
  6 giant newts
  A jackal skeleton (D:5)
  10 kobolds
  8 rats
138 creatures vanquished.

Notes
Turn   | Place    | Note
--------------------------------------------------------------
     0 | D:1      | Geomchi the Troll Monk began the quest for the Orb.
     0 | D:1      | Reached XP level 1. HP: 22/22 MP: 0/0
   180 | D:1      | Reached XP level 2. HP: 10/29 MP: 1/1
   832 | D:1      | Reached skill level 5 in Unarmed Combat
   832 | D:1      | Reached XP level 3. HP: 33/36 MP: 2/2
  1246 | D:2      | Found an opulent altar of Gozag.
  1431 | D:3      | Reached XP level 4. HP: 37/44 MP: 3/3
  2039 | D:3      | Reached XP level 5. HP: 44/53 MP: 4/4
  2588 | D:4      | Noticed an ogre
  2890 | D:4      | Found a sacrificial altar of Ru.
  2975 | D:4      | Reached XP level 6. HP: 62/62 MP: 5/5
  2997 | D:4      | Killed an ogre
  3191 | D:4      | Noticed an ogre
  3202 | D:4      | Killed an ogre
  3471 | D:4      | Found a staircase to the Ecumenical Temple.
  3487 | D:4      | Noticed an ogre
  3496 | D:4      | Killed an ogre
  3496 | D:4      | Reached XP level 7. HP: 46/71 MP: 6/6
  3551 | Temple   | Entered the Ecumenical Temple
  4113 | D:5      | Entered Level 5 of the Dungeon
  4113 | D:5      | Noticed Bikaver's ghost (average OpIE)
  4220 | D:5      | Reached skill level 5 in Dodging
  4267 | D:5      | Reached skill level 5 in Fighting
  4649 | D:5      | Killed Bikaver's ghost
  5054 | D:5      | Reached skill level 6 in Unarmed Combat
  5054 | D:5      | Reached XP level 8. HP: 44/80 MP: 7/7
  5865 | D:6      | Noticed elenap21's ghost (experienced HaSk)
  5894 | D:6      | Killed elenap21's ghost
  5894 | D:6      | Reached skill level 7 in Unarmed Combat
  6021 | D:6      | Found Oroetaett's Antique Weapon Emporium.
  6744 | D:7      | Reached skill level 8 in Unarmed Combat
  6744 | D:7      | Reached XP level 9. HP: 31/88 MP: 8/8
  6916 | D:7      | HP: 1/88 [orc warrior/trident (21)]
  6925 | D:6      | HP: 3/88 [centaur skeleton (4)]
  7297 | D:6      | Slain by an orc warrior

Vault maps used:
D:1:      scummos_arrival_simple_fountains, kennysheep_another_room
D:2:      nicolae_gozag_cash_rules_everything_around_me, first_bread
D:4:      temple_fountains, minmay_gold_behind_fungi, nicolae_ru_awakened_eye
D:6:      serial_shops, nicolae_shop_temple_entry_statues_fountains
D:7:      lemuel_tele_altar
Temple:   jpeg_temple_clearing_9

Action                   |  1- 3 |  4- 6 |  7- 9 || total
-------------------------+-------+-------+-------++-------
Melee: Unarmed           |    87 |   148 |   241 ||   476
Evoke: Wand              |       |       |     1 ||     1
  Use: Potion            |       |     2 |     5 ||     7
       Scroll            |       |       |     1 ||     1
 Stab: Sleeping          |     5 |     3 |     3 ||    11
       Distracted        |       |       |     1 ||     1
  Eat: Chunk             |    11 |    23 |    26 ||    60
       Beef jerky        |       |       |     2 ||     2
       Pizza             |       |       |     1 ||     1
